 Dungeon Crawl Stone Soup version 0.32-a0-450-g080537f31e (webtiles) character file.

Game seed: 10585450400538253574

107 CougarLife the Digger (level 4, -1/24 HPs)
             Began as a Gargoyle Earth Elementalist on Feb 24, 2024.
             Slain by a gnoll
             ... wielding a +0 flail
              (3 damage)
             ... on level 3 of the Dungeon.
             The game lasted 00:02:29 (2063 turns).

CougarLife the Digger (Gargoyle Earth Elementalist) Turns: 2063, Time: 00:02:30

Health: -1/24      AC:  6    Str: 12    XL:     4   Next: 85%
Magic:  3/8        EV: 11    Int: 17    God:
Gold:   51         SH:  0    Dex: 10    Spells: 8/9 levels left

rFire   . . .        d - +0 long sword
rCold   . . .        (no shield)
rNeg    + . .        a - +0 robe
rPois   ∞            (no helmet)
rElec   +            (no cloak)
rCorr   .            g - +0 pair of gloves
SInv    .            (no boots)
Will    .....        (no amulet)
Stlth   ++           (no ring)
HPRegen 0.24/turn    (no ring)
MPRegen 0.11/turn

%: no passive effects
@: no status effects
A: sickness immunity, AC +3, negative energy resistance 1, electricity
resistance, torment resistance 1, petrification resistance
a: no special abilities


You were on level 3 of the Dungeon.
You visited 1 branch of the dungeon, and saw 3 of its levels.

You collected 125 gold pieces.
You spent 74 gold pieces at shops.

Inventory:

Hand Weapons
 d - a +0 long sword (weapon)
Armour
 a - a +0 robe (worn)
 g - a +0 pair of gloves (worn)
Scrolls
 c - 2 scrolls of teleportation
 f - a scroll of noise
 h - a scroll of poison
 i - a scroll of enchant weapon
 l - a scroll of fear {unknown}
Potions
 b - 2 potions of magic
 e - 2 potions of curing
 j - a potion of enlightenment {unknown}
 k - a potion of cancellation {unknown}
 m - a potion of ambrosia {unknown}
 n - a potion of degeneration {unknown}
 o - a potion of heal wounds
 p - a potion of haste {unknown}


   Skills:
 - Level 1.5 Dodging
 - Level 2.1 Stealth
 + Level 3.1 Spellcasting
 + Level 2.8 Conjurations
 + Level 4.7 Earth Magic


You had 8 spell levels left.
You knew the following spells:

 Your Spells              Type           Power      Damage    Failure   Level
a - Sandblast             Erth           36%        2d10      2%          1

Your spell library contained the following spells:

 Spells                   Type           Power      Damage    Failure   Level
 Passwall                 Erth           18%        N/A       8%          3
 Shock                    Conj/Air       28%        1d4       10%         1
 Stone Arrow              Conj/Erth      30%        3d8       11%         3
 Brom's Barrelling Bould  Conj/Erth      15%        2d4       34%         4
 Swiftness                Air            2%         N/A       45%         3
 Petrify                  Alch/Erth      10%        N/A       54%         4
 Airstrike                Air            1%         2d(1-17)  86%         4


Dungeon Overview and Level Annotations

Branches:
Dungeon (3/15)

Altars:

Shops:
D:1 *   D:2 !

Annotations:
D:3 2 transporters


Innate Abilities, Weirdness & Mutations

You are immune to sickness and miasma.
Your stone body is resilient. (AC +3)
You are immune to poison.
You resist negative energy. (rN+)
You are resistant to electric shocks. (rElec)
You are resistant to unholy torment.
You are immune to petrification.


Message History

Confirm with . or Enter, or press ? or * to list all spells.
Aiming: Sandblast (safe; 2% risk of failure)
Press: ? - help, Shift-Dir - straight line, f/p - gnoll
Aim: a gnoll, wielding a +0 flail (84% to hit)
The blast of sand misses the gnoll.
The blast of sand hits the gnoll.
You kill the gnoll!
The gnoll completely misses you.
Casting: Sandblast (safe; 2% risk of failure)
Confirm with . or Enter, or press ? or * to list all spells.
Aiming: Sandblast (safe; 2% risk of failure)
Press: ? - help, Shift-Dir - straight line, f/p - gnoll
Aim: a gnoll, wielding a +0 flail (84% to hit)
The blast of sand hits the gnoll.
The gnoll is lightly wounded.
The gnoll hits you with a +0 flail! The gnoll misses you.
The gnoll attacks as it pursues you! The gnoll closely misses you.
The gnoll attacks as it pursues you! The gnoll closely misses you.
Casting: Sandblast (safe; 2% risk of failure)
Confirm with . or Enter, or press ? or * to list all spells.
Aiming: Sandblast (safe; 2% risk of failure)
Press: ? - help, Shift-Dir - straight line, f/p - gnoll
Aim: a gnoll, wielding a +0 flail (lightly wounded, 84% to hit)
The blast of sand hits the gnoll.
The gnoll is heavily wounded.
The gnoll hits you with a +0 flail. The gnoll attacks as it pursues you!
The gnoll barely misses you. The gnoll attacks as it pursues you!
The gnoll hits you with a +0 flail.
* * * LOW HITPOINT WARNING * * *
The gnoll attacks as it pursues you! The gnoll closely misses you.
The gnoll attacks as it pursues you! The gnoll hits you with a +0 flail.
* * * LOW HITPOINT WARNING * * *
Casting: Sandblast (safe; 2% risk of failure)
Confirm with . or Enter, or press ? or * to list all spells.
Aiming: Sandblast (safe; 2% risk of failure)
Press: ? - help, Shift-Dir - straight line, f/p - gnoll
Aim: a gnoll, wielding a +0 flail (heavily wounded, 84% to hit)
The blast of sand misses the gnoll.
The blast of sand hits the gnoll!
The gnoll is severely wounded.
The gnoll hits you with a +0 flail.
You die...

############ #.....(....#####
##............†..
#...≈≈≈≈≈≈≈≈~≈≈≈≈ ########
#.#.≈≈≈≈≈≈≈≈~≈≈≈≈
.......##########.#.≈≈####.....##
######.......ggg@...≈≈#..#ß###ß#g
##############.≈≈#..###.###.
#.≈≈#.......... #.≈≈###.##'##.#
########## #.≈≈..#.# #.#
.........##########.≈≈.##.# #.#
....................≈≈.#..# #..
....................≈≈.##.# #.#
)......#########.##.≈≈..#.# #.#


You could see 3 gnolls.

Vanquished Creatures
  2 gnolls
  4 adders
  2 ribbon worms
  7 ball pythons
  5 endoplasms
  A goblin (D:2)
  5 hobgoblins
  3 jackals (D:1)
  3 quokkas
  3 bats
  5 frilled lizards
  3 kobolds
  4 rats
47 creatures vanquished.

Notes
Turn   | Place    | Note
-------+----------+-------------------------------------------
     0 | D:1      | CougarLife the Gargoyle Earth Elementalist began the quest
                  | for the Orb.
     0 | D:1      | Reached XP level 1. HP: 10/10 MP: 3/3
    14 | D:1      | Reached XP level 2. HP: 15/15 MP: 1/5
   146 | D:1      | Reached skill level 4 in Earth Magic
   335 | D:1      | Reached XP level 3. HP: 9/19 MP: 3/6
   396 | D:1      | Found Rofeash's General Store.
   599 | D:1      | Bought a scroll of identify for 24 gold pieces
  1346 | D:2      | Reached XP level 4. HP: 24/24 MP: 3/8
  1621 | D:2      | Found Zimi Aps's Distillery.
  1642 | D:2      | Bought a potion of heal wounds for 50 gold pieces
  1859 | D:3      | Found a transporter.
  1932 | D:3      | Found a transporter.
  2063 | D:3      | Slain by a gnoll

Illustrated notes

Levels and vault maps discovered:
D:1:      dpeg_arrival_boxes_within_box, layout_basic, serial_shops,
          nicolae_shop_peninsula
D:2:      layout_rooms, serial_shops, nicolae_shop_window_shopping,
          minmay_misc_feat_square
D:3:      layout_rooms, gammafunk_ghost_gnarly_gnolls

Skill      XL: |  1  2  3  4 |
---------------+-------------+-----
Earth Magic    | 4 |  4.7
Conjurations   | 2 |  2.8
Spellcasting   | 3 |  3.1
Dodging        | |  1.5
Stealth        | |  2.1

Action                     |  1- 3 |  4- 6 || total
---------------------------+-------+-------++-------
  Melee: Long sword        |     6 |     1 ||     7
         Unarmed           |     5 |       ||     5
   Cast: Sandblast         |    40 |    29 ||    69
    Use: Scroll            |     2 |     3 ||     5
 Armour: Robe              |    20 |    12 ||    32
  Dodge: Dodged            |    27 |    15 ||    42

Table legend: (Time is in decaauts)
 A = Elapsed time spent in this place.
 B = Non-inter-level travel time spent in this place.
 C = Inter-level travel time spent in this place.
 D = Time resting spent in this place.
 E = Time spent auto-exploring this place.
 F = Levels seen in this place.
 G = Mean time per level.
                   A        B        C        D        E       F      G
               +--------+--------+--------+--------+--------+-----+--------+
         Total |   2098 |   2070 |     28 |    194 |   1515 |   3 |  699.3 |
       Dungeon |   2098 |   2070 |     28 |    194 |   1515 |   3 |  699.3 |
               +--------+--------+--------+--------+--------+-----+--------+

Top non-repeatable levels by time:
     D:1: 1053 daAuts
     D:2: 692 daAuts
     D:3: 352 daAuts
